[Event "Championship of RSO-Alania 2020"]
[Site "Vladikavkaz, Russia"]
[Date "2021.01.06"]
[Round "6.3"]
[White "Agkatsev, Felix A"]
[Black "Hastsaev, Marat"]
[Result "1-0"]
[TimeControl "90+30"]
[WhiteElo "1338"]
[BlackElo "2007"]

1. d4 d5 2. Nf3 Nf6 3. e3 c5 4.
b3 Nc6 5. Bb2 Bf5 6. Bd3 Bxd3 7. cxd3 cxd4 8. Nxd4 Rc8 9. Nd2 e6 10. O-O Bd6 11. f4 Nxd4 12. Bxd4 Bc5 13. Nf3 O-O 14.
Rc1 Qa5 15. Rf2 Ng4 16. Re2 Bxd4 17. Nxd4 Nxe3 18. Rxe3 Qb6 19. Rxc8 Rxc8 20. Qa1 Rc5 21. Kf2 Qc7 22. g3 Rc3 23.
Kf3 Qc5 24. Ne2 Rc2 25. Qe5 Rxa2 26. Qb8+ Qf8 27. Qxb7 g6 28. h4 Qh6 29. Qb8+ Kg7 30. Qe5+ Kg8 31. d4 Rc2 32. Rc3 Rxc3+ 33. Nxc3 Qf8 34. Nd1 Qb4 35. Qe3 a5 36. Nf2 a4 37. bxa4 Qxa4 38. Kg4 Qc2 39. Nd3 h6 40. f5 Qd1+ 41. Kf4 Qf1+ 42. Ke5 Qxf5+ 43. Kd6 Qf6 44. Ne5 g5 45. hxg5 hxg5 46. Nd7 Qh6 47. Qe5 Qg7 48. Qxg7+ Kxg7 49. Ke7 Kg6 50. Ne5+ Kf5 51. Nxf7 g4 52. Nh6+ Ke4 53. Nxg4 Kxd4 54. Kxe6 Ke4 55. Nf6+ Kf3 56. g4 d4 57.
g5 d3 58. Nd5 d2 59. Nc3 1-0

[Event "Championship of RSO-Alania 2020"]
[Site "Vladikavkaz, Russia"]
[Date "2021.01.06"]
[Round "6.4"]
[White "Ryazanov, Nikolay"]
[Black "Tsamalaidze, Liana"]
[Result "1-0"]
[TimeControl "90+30"]
[WhiteElo "1788"]
[BlackElo "1446"]

1. e4 c6 2. c4 e6 3. d4 d5 4. Nc3 dxe4 5. Nxe4 Bb4+ 6. Nc3 Nf6 7. Nf3 Ne4 8. Qc2 Nxc3 9. bxc3 Be7 10.
Bd3 h6 11. O-O O-O 12. Bf4 Nd7 13. Rfe1 Nf6 14. Rad1 Qa5 15. Ne5 Nh5 16. Bc1 Nf6 17. Re3 Nd7 18. Rde1 Bg5 19. Rh3 Bxc1 20.
Qxc1 f5 21. Ng6 Rf6 22. Nf4 Nf8 23. Qc2 g5 24. Nh5 Rf7 25. Rhe3 Bd7 26. Re5 Qc7 27. d5 cxd5 28. cxd5 exd5 29.
Bxf5 Bxf5 30. Rxf5 Rxf5 31. Qxf5 Qf7 32. Nf6+ Kg7 33. Nh5+ Kg8 34. Qxd5 Qxd5 35. Nf6+ Kf7 36. Nxd5 Re8 37.
Rxe8 Kxe8 38. f4 gxf4 39. Nxf4 Kd7 40. Kf2 Kc6 41. Ke3 Kc5 42. Kd3 Nd7 43. Ne6+ Kd5 44. Nf4+ Kc5 45. Ng6 Nf6 46.
h3 b5 47. a3 a6 48. g4 Nd7 49. Ne7 Ne5+ 50. Ke4 Nf7 51. h4 Kc4 52. Nd5 Nh8 53. h5 Nf7 54. Nc7 Ng5 55. Kf5 Nf3 56.
Nxa6 Kxc3 57. Nc7 b4 58. axb4 Kxb4 59. Nd5+ Kc5 60. Nf6 Kd6 61. Ng8 Kd7 62. Nxh6 Ke7 63. Kg6 Kf8 64. g5 Nh4+ 65.
Kf6 1-0

[Event "Championship of RSO-Alania 2020"]
[Site "Vladikavkaz, Russia"]
[Date "2021.01.06"]
[Round "6.5"]
[White "Edziev, Vladimir"]
[Black "Koraev, Kazbek"]
[Result "1/2-1/2"]
[TimeControl "90+30"]
[WhiteElo "1478"]
[BlackElo "1755"]

1. e4 c5 2. Nf3 d6 3. d4 cxd4 4. Nxd4 Nf6 5.
Nc3 a6 6. Be2 e6 7. O-O Be7 8. Be3 b5 9. a3 Bb7 10. Qd3 Nc6 11. Rae1 O-O 12. f4 Qc7 13. Bf3 Rac8 14. Kh1 Nxd4 15.
Bxd4 Nd7 16. e5 dxe5 17. fxe5 Bxf3 18. Rxf3 Qc4 19. Re4 Qxd3 20. Rxd3 Rfd8 21. Bf2 Nc5 22. Bxc5 Bxc5 23. Rxd8+ Rxd8 24. g3 Kf8 25. Kg2 Rd4 26. Kf3 Rd2 27. Re2 Rd4 28. Re4 Rd2 29. Re2 Rd4 30. Re4 Rd2 31.
Re2 Rd4 1/2-1/2

[Event "Championship of RSO-Alania 2020"]
[Site "Vladikavkaz, Russia"]
[Date "2021.01.07"]
[Round "7.1"]
[White "Dryaeva, Lana"]
[Black "Ryazanov, Nikolay"]
[Result "1-0"]
[TimeControl "90+30"]
[WhiteElo "1404"]
[BlackElo "1788"]

1. d4 d5 2. c4 e6 3. Nf3 c5 4. cxd5 exd5 5. Nc3 Nc6 6. e3 Nf6 7. Be2 Bd6 8. O-O O-O 9. dxc5 Bxc5 10.
b3 Be6 11. Bb2 Qe7 12. a3 a5 13. Nb5 Ne4 14. Nfd4 Rac8 15. Rc1 Nxd4 16. exd4 Bd6 17. f3 Qh4 18. Nxd6 Nxd6 19. Qd2 Nf5 20.
Bd3 b6 21. Qf2 Qf6 22. Bb5 h5 23. Qd2 Nd6 24. Bd3 h4 25. a4 Rfd8 26. Ba6 Ra8 27. Bd3 Ra7 28. Qe2 Qf4 29. Qf2 Bf5 30.
g3 Qg5 31. Bxf5 Nxf5 32. g4 Re8 33. Rc6 Rae7 34. Bc1 Ne3 35. h3 Qf4 36. Rxb6 Qxd4 37. Rc6 Qd3 38. Re1 g5 39. Bd2 Nc2 40.
Rxe7 Rxe7 41. Rc8+ Kh7 42. Rc3 Qg6 43.
Qc5 Ne1 44. Qxe7 1-0

[Event "Championship of RSO-Alania 2020"]
[Site "Vladikavkaz, Russia"]
[Date "2021.01.07"]
[Round "7.2"]
[White "Tandelov, Arseny"]
[Black "Agkatsev, Felix A"]
[Result "1-0"]
[TimeControl "90+30"]
[WhiteElo "1657"]
[BlackElo "1338"]

1. d4 Nf6 2. c4 e6 3. Nc3 b6 4. e4 Bb7 5. Qc2 c5 6. d5 d6 7. Bd3 Be7 8. Nge2 Nbd7 9. O-O Ne5 10.
f4 Nxd3 11. Qxd3 exd5 12. exd5 O-O 13. Ng3 Re8 14. b3 Bf8 15. Nce4 Nxe4 16. Nxe4 Qe7 17. Ng5 g6 18. f5 Bg7 19.
fxg6 fxg6 20. Rb1 Bc8 21. Bf4 Bf5 22. Qg3 Bxb1 23. Rxb1 Bd4+ 24. Kh1 Be5 25. Ne6 Bxf4 26. Qxf4 a6 27.
h4 Ra7 28. Re1 Rd7 29. Re3 Qf7 30. Qh6 Rde7 31. Rf3 Rxe6 32. Rxf7 Re1+ 33. Kh2 Kxf7 34. Qxh7+ Kf6 35. Qd7 R8e4 36.
Qxd6+ Kg7 37. Qc7+ Kh6 38. Qd8 Kg7 39. Kh3 R4e3+ 40. g3 Rh1+ 41. Kg2 Rd1 42. Qxb6 Rd2+ 43. Kh3 Rxa2 44. d6 Rd2 45.
Qxc5 Rxb3 46. Qe5+ Kg8 47. c5 Rbd3 48. c6 Rxd6 49. c7 Rd8 50. Qe6+ 1-0

[Event "Championship of RSO-Alania 2020"]
[Site "Vladikavkaz, Russia"]
[Date "2021.01.07"]
[Round "7.3"]
[White "Dzhibilov, David"]
[Black "Bogov, Khetag"]
[Result "0-1"]
[TimeControl "90+30"]
[WhiteElo "1363"]
[BlackElo "1263"]

1. g3 Nf6 2. Bg2 d5 3. d4 g6 4. Nf3 Bg7 5. c4 c6 6. O-O O-O 7. Nc3 b6 8. Qb3 Bb7 9. Ne5 e6 10.
Bg5 Nbd7 11. cxd5 exd5 12. Bh3 Qc7 13. Bf4 Nxe5 14. Bxe5 Qe7 15. Bg2 Nh5 16. Bxg7 Nxg7 17. Rfe1 Ne6 18. Rad1 f5 19. e4 fxe4 20.
Nxe4 dxe4 21. Rxe4 Rf6 22. Bh3 Re8 23. Rde1 Bc8 24. g4 g5 25. f4 gxf4 26. g5 Rg6 27. Kf2 Qxg5 28. R1e2 Qg1+ 29. Kf3 Rg3+ 0-1

[Event "Championship of RSO-Alania 2020"]
[Site "Vladikavkaz, Russia"]
[Date "2021.01.07"]
[Round "7.4"]
[White "Hastsaev, Marat"]
[Black "Edziev, Vladimir"]
[Result "1-0"]
[TimeControl "90+30"]
[WhiteElo "2007"]
[BlackElo "1478"]

1. e4 e5 2. Nf3 d6 3. d4 exd4 4. Nxd4 Nf6 5. Nc3 Be7 6. Bf4 O-O 7. Qd2 Nc6 8. O-O-O Nxd4 9. Qxd4 a6 10.
f3 b5 11. g4 c5 12. Qd2 b4 13. Nd5 Nxd5 14. exd5 Bd7 15. h4 Bb5 16. g5 Bxf1 17. Rdxf1 Qa5 18. Kb1 c4 19. Re1 Rfe8 20. Re4 c3 21. Qd4 Bf8 22. h5 Rxe4 23. Qxe4 Qb5 24.
g6 Qe8 25. gxh7+ Kh8 26. Qxb4 cxb2 27. h6 gxh6 28. Bxh6 Bxh6 29.
Rxh6 Qe5 30. Qxd6 Qxd6 31. Rxd6 Kxh7 32. Kxb2 Kg7 33. c4 Kf8 34. Kc3 Ke7 35. c5 a5 36. Rb6 Ra7 37. a4 Kd7 38. Kc4 f6 1-0

[Event "Championship of RSO-Alania 2020"]
[Site "Vladikavkaz, Russia"]
[Date "2021.01.07"]
[Round "7.5"]
[White "Shkurupiy, Konstantin"]
[Black "Agkatsev, Albert A"]
[Result "0-1"]
[TimeControl "90+30"]
[WhiteElo "1592"]
[BlackElo "1550"]

1. e4 c5 2. Nf3 Nc6 3. Bb5 d6 4. O-O Bd7 5. c3 Nf6 6. Re1 g6 7. h3 Bg7 8. d4 cxd4 9. cxd4 O-O 10.
Nc3 Rc8 11. Bg5 a6 12. Bf1 h6 13. Bf4 Qb6 14. e5 Nh5 15. Bc1 dxe5 16. g4 exd4 17. Nd5 Qc5 18. Nxe7+ Nxe7 19. gxh5 Bc6 20.
Bf4 Qxh5 21. Bg2 Nd5 22. Be5 Nf6 23. Nxd4 Bxg2 24. Qxh5 Nxh5 25. Kxg2 Bxe5 26. Rxe5 Rfd8 27. Nf3 Rc2 28.
b4 Nf4+ 29. Kg3 g5 30. Re7 Rd3 31. Rae1 Nxh3 32. R1e3 Nxf2 33. Rxd3 Nxd3 34. Rxb7 Rxa2 35. b5 axb5 36. Rxb5 Rb2 37.
Rd5 Rg2+ 0-1

[Event "Championship of RSO-Alania 2020"]
[Site "Vladikavkaz, Russia"]
[Date "2021.01.07"]
[Round "7.6"]
[White "Tsamalaidze, Liana"]
[Black "Bibilov, Alan"]
[Result "1-0"]
[TimeControl "90+30"]
[WhiteElo "1446"]
[BlackElo "1073"]

1. d4 d5 2. Nf3 Nf6 3. e3 e6 4. b3 c5 5. Bb2 b6 6. Bd3 Bb7 7. O-O Bd6 8. Ne5 O-O 9. f4 Nc6 10.
Nd2 Rc8 11. g4 Ne7 12. g5 Ne4 13. Ng4 Qc7 14. h4 Nxd2 15. Bxh7+ Kxh7 16. Nf6+ gxf6 17. Qh5+ Kg8 18. gxf6 Nf5 19.
Kh2 1-0

[Event "Championship of RSO-Alania 2020"]
[Site "Vladikavkaz, Russia"]
[Date "2021.01.08"]
[Round "8.1"]
[White "Koraev, Kazbek"]
[Black "Dryaeva, Lana"]
[Result "1/2-1/2"]
[TimeControl "90+30"]
[WhiteElo "1755"]
[BlackElo "1404"]

1. e4 e5 2. Nf3 d6 3. d4 exd4 4. Nxd4 Nf6 5. Nc3 Be7 6. Bf4 O-O 7. Qd2 c6 8. f3 Be6 9. O-O-O d5 10.
e5 Ne8 11. g4 b5 12. Nf5 a5 13. Qe3 Na6 14. Ne4 Kh8 15. Ned6 Bxd6 16. Nxd6 Nxd6 17. exd6 Qd7 18. h4 Qa7 19.
Qd2 Qc5 20. h5 Nb4 21. h6 g6 22. a3 Na6 23. Qe1 Rae8 24. Qxa5 Ra8 25. Qe1 Rae8 26. Qe3 Qxe3+ 27. Bxe3 Rd8 28.
Bf4 Nc5 29. g5 Nb7 30. Be5+ Kg8 31. Bh3 Bxh3 32. Rxh3 Nxd6 33. Bxd6 Rxd6 34. Re1 Re6 35. Kd2 Rfe8 36. Rxe6 Rxe6 37. Rg3 Kf8 38. Kd3 Ke7 39. b3 Re1 40. Rg4 Ra1 41. a4 bxa4 42.
bxa4 c5 43. Kc3 Ra3+ 44. Kb2 Rxf3 45. a5 Kd7 46. a6 Kc7 47. a7 Kb7 48. Ra4 Ka8 49. Ra5 Rf5 50. Rxc5 Kxa7 51. Rc7+ Kb8 52. Re7 Kc8 53. Re8+ Kd7 54.
Rh8 Rxg5 55. Rxh7 Ke7 56. Kc3 Rg4 57. Kd3 Rh4 58. Rh8 Kf6 59. Ke3 g5 60. h7 Rh5 61. Rd8 Rxh7 62. Rxd5 Rh8 63.
c4 Rc8 64. c5 Kg6 65. Ke4 f6 66. Kf3 f5 67. Kg3 Kf6 68. Kf3 Rc6 69. Ke3 Ke6 70. Kd4 g4 71. Rd8 Rc7 72. Rd6+ Kf7 73.
c6 g3 74. Ke3 Ke7 75. Rg6 Kf7 76. Rd6 Ke7 77. Ke4 1/2-1/2

[Event "Championship of RSO-Alania 2020"]
[Site "Vladikavkaz, Russia"]
[Date "2021.01.08"]
[Round "8.2"]
[White "Tandelov, Arseny"]
[Black "Hastsaev, Marat"]
[Result "1-0"]
[TimeControl "90+30"]
[WhiteElo "1657"]
[BlackElo "2007"]

1. d4 d5 2. Nf3 Nf6 3. Bf4 g6 4. e3 Bg7 5. c4 c6 6. Nc3 O-O 7. Be2 Nbd7 8. O-O Nh5 9. Bg5 h6 10. Bh4 Nb6 11. cxd5 Nxd5 12.
Qb3 Nhf6 13. Rac1 Nxc3 14. bxc3 Qb6 15. c4 g5 16. Bg3 Ne4 17. Bd3 Qxb3 18. axb3 Bf5 19. Be5 f6 20. Bc7 Rfc8 21.
Ba5 Nd6 22. Bxf5 Nxf5 23. e4 Nd6 24. e5 fxe5 25. dxe5 Nf5 26. g4 Nh4 27. Nxh4 gxh4 28. f4 b6 29. Be1 Rd8 30. Bxh4 Kf7 31.
Rcd1 a5 32. Bf2 c5 33. Bg3 e6 34. f5 a4 35. f6 Bf8 36. bxa4 Rxd1 37. Rxd1 Rxa4 38. Rc1 1-0

[Event "Championship of RSO-Alania 2020"]
[Site "Vladikavkaz, Russia"]
[Date "2021.01.08"]
[Round "8.3"]
[White "Bogov, Khetag"]
[Black "Tsamalaidze, Liana"]
[Result "0-1"]
[TimeControl "90+30"]
[WhiteElo "1263"]
[BlackElo "1446"]

1. Nf3 d5 2. c4 c6 3. e3 Nf6 4. b3 Bf5 5. Be2 h6 6. O-O e6 7. Bb2 Bd6 8. Nc3 O-O 9. Rc1 Qe7 10.
d4 b6 11. Nd2 Ba3 12. Bxa3 Qxa3 13. f3 Bh7 14. e4 dxe4 15. Ndb1 Qe7 16. fxe4 Nxe4 17. Nxe4 Bxe4 18. Nc3 Bg6 19.
Bf3 Rd8 20. Qd2 Qh4 21. Rfd1 e5 22. d5 e4 23. g3 Qe7 24. Qe3 f5 0-1

[Event "Championship of RSO-Alania 2020"]
[Site "Vladikavkaz, Russia"]
[Date "2021.01.08"]
[Round "8.4"]
[White "Ryazanov, Nikolay"]
[Black "Agkatsev, Albert A"]
[Result "1/2-1/2"]
[TimeControl "90+30"]
[WhiteElo "1788"]
[BlackElo "1550"]

1. e4 c6 2. Ne2 d6 3. d4 Nd7 4. g3 g6 5. Bg2 Bg7 6. O-O e5 7. c3 Ne7 8. Nd2 O-O 9. f4 exd4 10.
cxd4 d5 11. e5 c5 12. Nf3 cxd4 13. Nfxd4 f6 14. Kh1 Nc5 15. b4 Na6 1/2-1/2

[Event "Championship of RSO-Alania 2020"]
[Site "Vladikavkaz, Russia"]
[Date "2021.01.08"]
[Round "8.6"]
[White "Bibilov, Alan"]
[Black "Dzhibilov, David"]
[Result "0-1"]
[TimeControl "90+30"]
[WhiteElo "1073"]
[BlackElo "1363"]

1. e4 e5 2. Nf3 Nc6 3.
d4 exd4 4. Nxd4 Nxd4 5. Qxd4 d6 6.
Bc4 Nf6 7. O-O Be7 8. Nc3 O-O 9. Bg5 Be6 10. Rad1 h6 11. Bh4 Ng4 12. Bxe7 Qxe7 13. h3 Ne5 14. Bxe6 fxe6 15. f4 Nc6 16.
Qc4 Kh8 17. f5 Rf6 18. fxe6 Rxe6 19. Rf4 Ne5 20. Qb3 c6 21. Rdf1 b5 22. Ne2 Nc4 0-1

[Event "Championship of RSO-Alania 2020"]
[Site "Vladikavkaz, Russia"]
[Date "2021.01.09"]
[Round "9.2"]
[White "Dzhibilov, David"]
[Black "Tandelov, Arseny"]
[Result "0-1"]
[TimeControl "90+30"]
[WhiteElo "1363"]
[BlackElo "1657"]

1. e4 c5 2. Nf3 Nc6 3. d4 cxd4 4. Nxd4 e5 5. Nb5 Nf6 6. N1c3 d6 7. Bg5 a6 8. Na3 b5 9. Bxf6 gxf6 10.
Nd5 f5 11. Bd3 Be6 12. c3 Bxd5 13. exd5 Ne7 14. Nc2 Bg7 15. Nb4 O-O 16. Qh5 e4 17. Bc2 Qd7 18. Rd1 Rfe8 19. O-O a5 20.
Nc6 Nxc6 21. dxc6 Qxc6 22. Qxf5 Re5 23. Qg4 f5 24. Qg5 Rf8 25. Qd2 Rf6 26. Rfe1 Rg6 27. g3 a4 28. f3 e3 29. Rxe3 Bh6 30.
Rxe5 Bxd2 31. Rxf5 Qb6+ 32. Kg2 Qe3 33. Rf1 Be1 34. Kh1 Qe2 0-1

[Event "Championship of RSO-Alania 2020"]
[Site "Vladikavkaz, Russia"]
[Date "2021.01.09"]
[Round "9.6"]
[White "Ryazanov, Nikolay"]
[Black "Bibilov, Alan"]
[Result "1/2-1/2"]
[TimeControl "90+30"]
[WhiteElo "1788"]
[BlackElo "1073"]

1. e4 e5 2. Nf3 Nc6 3. Bc4 Nf6 4.
d3 Bc5 5. O-O O-O 6. Nc3 h6 7. h3 d6 8. Na4 Bb6 9. a3 d5 10. Nxb6 axb6 11. exd5 Nxd5 12. Re1 Re8 13. Bd2 Bf5 14.
b4 Qd6 15. Nh4 Bh7 16. Qf3 Nd4 17. Qxd5 Qxd5 18. Bxd5 Nxc2 19. Bxb7 Ra7 20. Be4 Bxe4 21. dxe4 Nxe1 22. Bxe1 Rea8 23.
Nf5 Rxa3 24. Rxa3 Rxa3 25. Ne7+ Kf8 26. Nd5 c5 27. Kf1 Ra1 28. Ke2 cxb4 29. Bxb4+ Kg8 30. Nxb6 f6 31. Kd3 Rd1+ 32.
Ke3 Rb1 33. Nd5 Rb3+ 34. Bc3 Ra3 35. Kd3 Ra2 36. Bd2 Ra4 37. Nb4 Ra7 38. Kc4 Ra8 39. Nc6 Ra4+ 40. Kd5 Kf7 41. Bb4 Ra2 42.
Bc5 Rd2+ 43. Kc4 Rc2+ 44. Kb5 Rb2+ 45. Nb4 Re2 46. Be3 Re1 47. Kc6 Rb1 1/2-1/2